 Dungeon Crawl Stone Soup version 0.24.0-123-gd5b16e6ec5 (webtiles) character file.

Game seed: 764412755042829226, levelgen mode: deterministic

781 H0rd4k the Charlatan (level 8, -4/57 HPs)
             Began as a Human Artificer on Feb 12, 2020.
             Slain by an ogre
             ... wielding a +0 giant club
              (22 damage)
             ... on level 5 of the Dungeon on Feb 13, 2020.
             The game lasted 00:09:58 (4956 turns).

H0rd4k the Charlatan (Human Artificer)              Turns: 4956, Time: 00:09:59

Health: -4/57      AC:  8    Str: 15    XL:     8   Next: 11%
Magic:  11/11      EV: 12    Int: 12    God:
Gold:   250        SH:  0    Dex: 13    Spells: 7/7 levels left

rFire    + + .     SeeInvis .   a - +0 short sword
rCold    . . .     Gourm    .   (no shield)
rNeg     . . .     Faith    .   o - +0 ring mail {rF+}
rPois    .         Spirit   .   r - +0 helmet
rElec    .         Reflect  .   (no cloak)
rCorr    .         Harm     .   (no gloves)
MR       .....                  u - +0 pair of boots
Stlth    ++........             p - amulet of rage
HPRegen  0.19/turn              n - ring of protection from fire
MPRegen  0.12/turn              (no ring)

@: marked
A: no striking features
a: Evoke Berserk Rage


You were on level 5 of the Dungeon.
You were very hungry.

You visited 1 branch of the dungeon, and saw 6 of its levels.

You collected 250 gold pieces.

Inventory:

Hand Weapons
 a - a +0 short sword (weapon)
Armour
 b - a +0 leather armour
 o - a +0 ring mail of fire resistance (worn)
 r - a +0 helmet (worn)
 u - a +0 pair of boots (worn)
Jewellery
 n - a ring of protection from fire (left hand)
 p - an amulet of rage (around neck)
Wands
 c - a wand of flame (14)
 d - a wand of enslavement (12)
Scrolls
 g - 3 scrolls of remove curse
 h - a scroll of enchant armour {unknown}
 i - 5 scrolls of identify
 j - 3 scrolls of immolation
 k - a scroll of noise {unknown}
 s - 2 scrolls of teleportation
 t - a scroll of fear {unknown}
Potions
 e - a potion of mutation {unknown}
 m - a potion of brilliance {unknown}
 q - a potion of agility {unknown}
Comestibles
 f - 12 rations


   Skills:
 + Level 2.9 Fighting
 + Level 4.4 Short Blades
 - Level 3.9 Armour
 + Level 2.9 Dodging
 + Level 3.1 Stealth
 + Level 4.6 Evocations


You had 7 spell levels left.
You didn't know any spells.
Your spell library was empty.

Dungeon Overview and Level Annotations

Branches:
Dungeon (6/15)
 Temple: D:4-7

Altars:
Dithmenos
Hepliaklqana
Nemelex Xobeh
Qazlal

Shops:
D:5 *

Annotations:
D:1 exclusion: downstairs
D:3 exclusion: 2 downstairs
D:4 Ijyb
D:5 exclusion: downstairs


Message History

The crimson imp misses you. The ogre closely misses you.
You hit the ogre.
The ogre is moderately wounded.
The crimson imp blinks!
The ogre closely misses you.
You hit the ogre but do no damage.
The ogre is moderately wounded.
You hit the ogre.
The ogre is moderately wounded.
The ogre misses you.
You barely miss the ogre.
The ogre is moderately wounded.
The ogre hits you with a +0 giant club!!
* * * LOW HITPOINT WARNING * * *
You hit the ogre but do no damage.
The ogre is moderately wounded.
The crimson imp blinks!
You hit the ogre.
The ogre is heavily wounded.
The ogre hits you with a +0 giant club!!
You die...

#.....#.##
##########..##.....
#......5##..####.##
#.#####.##.........
#.##.......#####...
#....ยง..#### #.##
#.##.##.# #.##
##.......###### #.##
#..@O.##......###.##
#..#####.......##...
#..#####........####
#..............## #
#.######.......# #.#
#######.##### #.####
#....... #....#
##)##### ####.# ###


You could see an ogre and a crimson imp.

Vanquished Creatures
  Sigmund (D:2)
  Edmund (D:4)
  Menkaure (D:4)
  An ogre (D:5)
  2 hounds (D:5)
  An orc wizard (D:4)
  2 worker ants
  Robin (D:2)
  4 gnolls
  3 adders (D:2)
  4 oozes
  3 worms
  3 dart slugs
  4 orcs
  2 ball pythons
  3 bats
  3 giant cockroaches
  20 goblins
  12 hobgoblins
  5 jackals
  A frilled lizard (D:2)
  9 kobolds
  A quokka zombie (D:5)
  9 rats
96 creatures vanquished.

Vanquished Creatures (collateral kills)
  A leopard gecko (D:4)
  2 goblins (D:2)
  A kobold (D:2)
4 creatures vanquished.

Vanquished Creatures (others)
  A sky beast (D:4)
  An adder (D:2)
2 creatures vanquished.

Grand Total: 102 creatures vanquished

Notes
Turn   | Place    | Note
-------+----------+-------------------------------------------
     0 | D:1      | H0rd4k the Human Artificer began the quest for the Orb.
     0 | D:1      | Reached XP level 1. HP: 15/15 MP: 3/3
    46 | D:1      | Reached XP level 2. HP: 10/21 MP: 4/4
   284 | D:1      | Reached XP level 3. HP: 19/26 MP: 5/5
   664 | D:1      | Found a sparkling altar of Nemelex Xobeh.
   848 | D:2      | Noticed Sigmund
   860 | D:2      | Killed Sigmund
   860 | D:2      | Reached skill level 1 in Armour
   860 | D:2      | Reached XP level 4. HP: 27/33 MP: 5/7
   860 | D:2      | Reached XP level 5. HP: 32/38 MP: 5/8
   860 | D:2      | Reached XP level 6. HP: 37/44 MP: 5/9
  1023 | D:2      | Found a hazy altar of Hepliaklqana.
  1465 | D:2      | Noticed Robin
  1718 | D:2      | Killed Robin
  2897 | D:3      | Found a stormy altar of Qazlal.
  2897 | D:3      | Found a shadowy altar of Dithmenos.
  2974 | D:4      | You fall into a shaft and drop 1 floor!
  2974 | D:5      | Entered Level 5 of the Dungeon
  2981 | D:5      | Noticed a phantom
  3053 | D:6      | Noticed an ogre
  3141 | D:5      | Found Nokoff's General Store.
  3194 | D:5      | Noticed a sky beast
  3203 | D:4      | Noticed Menkaure
  3223 | D:4      | HP: 1/46 [Menkaure (7)]
  3228 | D:4      | Noticed Edmund
  3444 | D:4      | Killed Edmund
  3444 | D:4      | Reached XP level 7. HP: 25/51 MP: 10/10
  3832 | D:4      | Noticed Ijyb
  3967 | D:4      | Killed Menkaure
  4082 | D:5      | HP: 1/51 [ogre/+0 giant spiked club (27)]
  4084 | D:5      | Reached XP level 8. HP: 1/57 MP: 11/11
  4956 | D:5      | Slain by an ogre

Levels and vault maps discovered:
D:1:      dpeg_arrival_stone_temple_mockup, layout_rooms,
          nemelex_diamond_rough_becter
D:2:      layout_basic, lemuel_crystal_altar, chequers_serial_rivers_micro_d,
          uniq_robin, uniq_sigmund
D:3:      layout_basic, gammafunk_temple_overflow_elements, first_ration
D:4:      layout_cave_pods, uniq_edmund, uniq_pikel, uniq_menkaure, uniq_ijyb
D:5:      layout_loops_cross, serial_shops, shop, cheibrodos_gnoll_hut
D:6:      layout_rooms, xom_butterflies, nicolae_overflow_hidden_temple,
          minmay_temple_entry_drinking_statues, uniq_eustachio

Skill      XL: |  1  2  3  4  5  6  7 |
---------------+----------------------+-----
Fighting       | 2 |  2.9
Short Blades   | 3 4 |  4.4
Armour         | 1 2 3 |  3.9
Stealth        | 2 3 |  3.1
Evocations     | 4 |  4.6
Dodging        | |  2.9

Action                   |  1- 3 |  4- 6 |  7- 9 || total
-------------------------+-------+-------+-------++-------
Melee: Short sword       |    77 |   276 |   140 ||   493
 Abil: Evoke Berserk Rag |       |       |     1 ||     1
Evoke: Wand              |     7 |    13 |    18 ||    38
  Use: Scroll            |       |     4 |       ||     4
       Potion            |       |     3 |       ||     3
 Stab: Paralysed         |     5 |       |       ||     5
       Confused          |       |     3 |       ||     3
       Sleeping          |       |     2 |       ||     2
  Eat: Chunk             |       |     8 |     5 ||    13
Armor: Leather armour    |    20 |    30 |       ||    50
       Ring mail         |       |    46 |    43 ||    89
Dodge: Dodged            |    29 |   151 |    58 ||   238
